 Dungeon Crawl Stone Soup version 0.25-a0-424-g80bd347ae0 (webtiles) character file.

Game seed: 12072301400356969659, levelgen mode: deterministic

120 MisterFreud the Slasher (level 5, -4/34 HPs)
             Began as an Octopode Gladiator on Jan 20, 2020.
             Splashed by a jelly's acid (10 damage)
             ... on level 6 of the Dungeon.
             The game lasted 00:02:29 (2642 turns).

MisterFreud the Slasher (Octopode Gladiator)        Turns: 2642, Time: 00:02:30

Health: -4/34      AC: -3    Str: 19    XL:     5   Next: 4%
Magic:  5/5        EV: 14    Int: 11    God:
Gold:   112        SH:  0    Dex: 13    Spells: 4/4 levels left

rFire    . . .     SeeInvis .   a - +0 long sword
rCold    . . .     Gourm    .   (no shield)
rNeg     . . .     Faith    .   b - +0 hat
rPois    .         Spirit   .   p - amulet of rage
rElec    .         Reflect  .   (no ring)
rCorr    .         Harm     .   (no ring)
MR       .....                  (no ring)
Stlth    ++........             (no ring)
HPRegen  0.11/turn              (no ring)
MPRegen  0.09/turn              (no ring)
                                (no ring)
                                (no ring)

@: mighty, corroded
A: almost no armour, stealthy swim, amphibious, 8 rings, constrict 8, camouflage
1, gelatinous body 1
a: Evoke Berserk Rage


You were on level 6 of the Dungeon.
You were not hungry.

You visited 1 branch of the dungeon, and saw 4 of its levels.

You collected 112 gold pieces.

Inventory:

Hand Weapons
 a - a +0 long sword (weapon)
Missiles
 c - 3 throwing nets (quivered)
 j - 39 bolts
 k - 128 stones
 l - 3 atropa-tipped darts
 m - 12 poisoned darts
Armour
 b - a +0 hat (worn)
Jewellery
 p - an amulet of rage (around mantle)
Scrolls
 e - 2 scrolls of remove curse
 f - 2 scrolls of magic mapping {unknown}
 h - 3 scrolls of teleportation {unknown}
 i - 2 scrolls of enchant weapon {unknown}
 n - 5 scrolls of identify {unknown}
 o - a scroll of blinking {unknown}
Potions
 g - 2 potions of might
 q - a potion of degeneration {unknown}
Comestibles
 d - 10 rations
 r - 4 chunks of flesh


   Skills:
 - Level 2.0 Fighting
 + Level 5.5 Long Blades
 - Level 2.0 Throwing
 - Level 3.0 Dodging


You had 4 spell levels left.
You didn't know any spells.
Your spell library was empty.

Dungeon Overview and Level Annotations

Branches:
Dungeon (3/15)

Altars:
Elyvilon
Ru


Innate Abilities, Weirdness & Mutations

You cannot wear most types of armour.
You are very stealthy in the water. (Stealth+)
You are amphibious.
You can wear up to eight rings at the same time.
You can use your tentacles to constrict eight enemies at once.
Your skin changes colour to match your surroundings (Stealth+).
Your rubbery body absorbs attacks. (AC +1, EV +1)


Message History

You hit the jackal. You grab the jackal. You squeeze the jackal.
You kill the jackal!
The jackal closely misses you.
You closely miss the jackal. You grab the jackal. You squeeze the jackal.
You kill the jackal!
The ice beast hits you. The ice beast freezes you! The ice beast hits you.
The ice beast freezes you!
* * * LOW HITPOINT WARNING * * *
Unknown command.
It was a potion of might.
You feel very mighty all of a sudden. The jelly misses you.
The ice beast barely misses you.
You riposte.
You closely miss the ice beast.
As you read the scroll labeled VANABISASIU, it crumbles to dust.
You feel blessed for a moment.
It was a scroll of remove curse.
The jelly hits you but does no damage. The ice beast closely misses you.
You barely miss the ice beast. The jelly hits you.
* * * LOW HITPOINT WARNING * * *
The acid corrodes you!
You are splashed with acid!
You die...

.....##.# #........
........#
#....#..####
........##..
#....s..##.#
.....J...#.# .#
######..##.####...#
..........sJ@Y....#
.#####..##.#####..#
#..#.... #..######
#... ..## ###


You could see an ice beast, a jelly and a giant cockroach.

Vanquished Creatures
  A worker ant (D:2)
  2 adders (D:2)
  An ooze (D:2)
  A worm (D:2)
  6 leopard geckos
  3 ball pythons (D:1)
  5 bats
  4 giant cockroaches
  4 goblins
  8 hobgoblins
  5 jackals
  7 kobolds
  2 quokkas (D:3)
  6 frilled lizards
  6 rats
61 creatures vanquished.

Notes
Turn   | Place    | Note
-------+----------+-------------------------------------------
     0 | D:1      | MisterFreud the Octopode Gladiator began the quest for the
                  | Orb.
     0 | D:1      | Reached XP level 1. HP: 14/14 MP: 1/1
   167 | D:1      | Reached XP level 2. HP: 17/19 MP: 2/2
   510 | D:1      | Reached skill level 4 in Long Blades
  1007 | D:1      | Reached XP level 3. HP: 24/24 MP: 3/3
  1486 | D:2      | Reached XP level 4. HP: 26/29 MP: 4/4
  1581 | D:2      | Reached skill level 5 in Long Blades
  1903 | D:2      | Found a sacrificial altar of Ru.
  2194 | D:2      | Found a white marble altar of Elyvilon.
  2618 | D:3      | Reached XP level 5. HP: 34/34 MP: 5/5
  2626 | D:3      | You fall into a shaft and drop 3 floors!
  2635 | D:6      | Noticed an ice beast
  2642 | D:6      | Splashed by a jelly's acid

Levels and vault maps discovered:
D:1:      elethiomel_arrival_quiet, layout_basic, minmay_misc_feat_cross,
          wander_ebering_terrifying_dragon_lair
D:2:      layout_loops_ring, lemuel_round_altar, marbit_many_paths,
          grunt_ministairs_10
D:3:      layout_loops_corners, ebering_ghost_gozag
D:6:      minmay_inner_zag, layout_basic, lemuel_coloured_pillars_altar,
          minitemple

Skill      XL: |  1  2  3  4 |
---------------+-------------+-----
Long Blades    | 4 5 |  5.5
Fighting       | |  2.0
Throwing       | |  2.0
Dodging        | |  3.0

Action                   |  1- 3 |  4- 6 || total
-------------------------+-------+-------++-------
Melee: Long sword        |    66 |    40 ||   106
       Constrict         |    21 |    12 ||    33
       Tentacles         |     9 |     8 ||    17
  Use: Scroll            |       |     1 ||     1
       Potion            |       |     1 ||     1
 Stab: Sleeping          |    13 |     4 ||    17
       Distracted        |       |     1 ||     1
  Eat: Chunk             |     2 |     3 ||     5
Armor: Skin              |     3 |     3 ||     6
Dodge: Dodged            |    28 |    26 ||    54
       Rpst.: Long sword |    10 |     5 ||    15

Table legend:
 A = Non-vault XP
 B = Vault XP
 C = Vault XP percentage of total XP
 D = Non-vault monster count
 E = Vault monster count
 F = Vault count percentage of total count
                 A         B        C        D         E       F
            +---------+---------+-------+---------+---------+-------
      Total |     132 |      40 |  23.3 |      57 |       4 |   6.6
            +---------+---------+-------+---------+---------+-------
        D:1 |      47 |       3 |   6.0 |      26 |       1 |   3.7
        D:2 |      60 |      37 |  38.1 |      17 |       3 |  15.0
        D:3 |      19 |       0 |   0.0 |      11 |       0 |   0.0
        D:6 |       6 |       0 |   0.0 |       3 |       0 |   0.0
            +---------+---------+-------+---------+---------+-------
